 Dungeon Crawl Stone Soup version 0.31-a0-176-g91f28db67f (webtiles) character file.

Game seed: 54473125866563678

601 qw the Shooter (level 7, -5/64 HPs)
             Began as a Naga Hunter on June 17, 2023.
             Killed from afar by an orc wizard (7 damage)
             ... with a magic dart
             ... on level 4 of the Dungeon.
             The game lasted 00:01:14 (2619 turns).

qw the Shooter (Naga Hunter)                        Turns: 2619, Time: 00:01:14

Health: -5/64      AC:  5    Str: 13    XL:     7   Next: 41%
Magic:  7/7        EV: 10    Int: 10    God:
Gold:   201        SH:  0    Dex: 16    Spells: 6/6 levels left

rFire   . . .        Y - +3 shortbow
rCold   + . .        (shield currently unavailable)
rNeg    . . .        i - +2 leather armour {rC+}
rPois   +            (no helmet)
rElec   .            (no cloak)
rCorr   .            (no gloves)
SInv    +            (no barding)
Will    .....        d - amulet of faith
Stlth   ++           (no ring)
HPRegen 0.30/turn    (no ring)
MPRegen 0.10/turn

%: faith
@: about to teleport, very slow
A: AC +2, large, see invisible, deformed body, poison resistance, slowness 2,
spit poison 1, naga tail 1
a: Spit Poison


You were on level 4 of the Dungeon.
You visited 1 branch of the dungeon, and saw 4 of its levels.

You collected 201 gold pieces.


Innate Abilities, Weirdness & Mutations

Your serpentine skin is tough. (AC +2)
You have supernaturally acute eyesight. (SInv)
Armour fits poorly on your strangely shaped body.
Your system is resistant to poisons. (rPois)
You cover ground very slowly.
You can spit poison.
You have a snake-like lower body.


   Skills:
 - Level 4.0 Fighting
 + Level 7.2 Ranged Weapons
 - Level 2.0 Dodging
 - Level 1.5 Stealth


You had 6 spell levels left.
You didn't know any spells.
Your spell library was empty.

Inventory:

Hand Weapons
 Y - a +3 shortbow (weapon)
Armour
 i - a +2 leather armour of cold resistance (worn)
Jewellery
 d - an amulet of faith (around neck)
 g - a ring of fire
Scrolls
 c - a scroll of noise {unknown}
 j - a scroll of identify
 k - a scroll of amnesia {unknown}
Potions
 a - a potion of haste
 b - a potion of brilliance {unknown}
 e - a potion of mutation {unknown}
 f - a potion of heal wounds {unknown}
 l - a potion of degeneration {unknown}
 m - a potion of enlightenment {unknown}

Dungeon Overview and Level Annotations

Branches:
Dungeon (4/15)
 Temple: D:4-7

Altars:

Shops:
D:4 *

Annotations:
D:3 1 runed translucent door, Crazy Yiuf


Message History

You are more confused.
The orc wizard barely misses you.
The orc wizard hits you but does no damage.
The orc wizard hits you with a +0 dagger of speed.
The orc wizard casts a spell at you.
You are more confused.
The orc wizard hits you with a +0 dagger of speed.
The orc wizard hits you but does no damage.
The orc wizard hits you with a +0 dagger of speed.
The orc wizard hits you but does no damage.
The orc wizard hits you but does no damage.
The orc wizard closely misses you.
The orc wizard gestures at you while chanting.
The magic dart hits you! The orc wizard barely misses you.
The orc wizard gestures at you while chanting.
The magic dart hits you.
The orc wizard points at you and mumbles some strange words.
The puff of flame hits you!
The orc wizard hits you but does no damage.
The orc wizard points at you and mumbles some strange words.
The magic dart hits you.
The orc wizard points at you and mumbles some strange words.
The magic dart hits you.
The orc wizard hits you but does no damage.
The orc wizard hits you with a +0 dagger of speed.
The orc wizard hits you with a +0 dagger of speed.
The orc wizard hits you with a +0 dagger of speed.
The orc wizard mumbles some strange words.
The orc wizard flickers and vanishes for a moment.
The orc wizard barely misses you.
You feel less confused.
The orc wizard hits you but does no damage.
2619 ||| READING scroll of teleportation.
As you read the scroll of teleportation, it crumbles to dust.
You feel strangely unstable.
The orc wizard hits you with a +0 dagger of speed.
The orc wizard gestures at you while chanting.
The magic dart hits you!
You die...

7ยค.....77#.## #...#
.7.%..77 #.# ###.#
###..## #.# #.# .##..#
#+# #.# ....## ... #.#
.#### .... ####.## .##
..... ##.....# ..####
......####...#..########
...>.+
..)..)o@.......%........
..####
......####...##.########
.## ..... ##.###.# .#
.... #.###.# .# ...
#.....# .# #+# #.#####
.##### #.# #.# .....#
#.# #.# .###.# ##.## #.#


You could see an orc wizard (invisible).

Vanquished Creatures
  Sigmund (D:3)
  2 scorpions (D:4)
  2 hounds
  3 orc wizards
  10 adders
  3 worms
  A dart slug (D:3)
  5 orcs
  8 ball pythons
  5 bats
  17 endoplasms
  5 giant cockroaches
  6 hobgoblins
  4 jackals
  4 quokkas
  3 frilled lizards
  8 goblins
  4 kobolds
  4 rats
95 creatures vanquished.

Notes
Turn   | Place    | Note
-------+----------+-------------------------------------------
     0 | D:1      | qw the Naga Hunter began the quest for the Orb.
     0 | D:1      | Reached XP level 1. HP: 19/19 MP: 1/1
     0 | D:1      | 0 ||| qw: Version: 0.3-a-5-g6f28e65
     0 | D:1      | 0 ||| qw: Game counter: 432
     0 | D:1      | 0 ||| qw: Always use a shield: true
     0 | D:1      | 0 ||| qw: God list: Okawaru
     0 | D:1      | 0 ||| qw: Allow faded altars: false
     0 | D:1      | 0 ||| qw: Do Orc after D:15 true
     0 | D:1      | 0 ||| qw: Do second Lair branch before Depths: true
     0 | D:1      | 0 ||| qw: Lair rune preference: random
     0 | D:1      | 0 ||| qw: Plans: Normal
     0 | D:1      | 0 ||| PLANNING D:1-11
    32 | D:1      | 32 ||| INVOKING Spit Poison.
    41 | D:1      | 41 ||| INVOKING Spit Poison.
    44 | D:1      | 44 ||| INVOKING Spit Poison.
    48 | D:1      | Reached skill level 4 in Ranged Weapons
    48 | D:1      | Reached XP level 2. HP: 25/26 MP: 2/2
    56 | D:1      | 56 ||| INVOKING Spit Poison.
    93 | D:1      | 93 ||| INVOKING Spit Poison.
   101 | D:1      | 101 ||| INVOKING Spit Poison.
   123 | D:1      | 123 ||| INVOKING Spit Poison.
   136 | D:1      | 136 ||| INVOKING Spit Poison.
   140 | D:1      | 140 ||| INVOKING Spit Poison.
   143 | D:1      | 143 ||| INVOKING Spit Poison.
   146 | D:1      | Reached XP level 3. HP: 30/32 MP: 3/3
   150 | D:1      | 150 ||| INVOKING Spit Poison.
   155 | D:1      | 155 ||| INVOKING Spit Poison.
   208 | D:1      | 208 ||| INVOKING Spit Poison.
   212 | D:1      | 212 ||| INVOKING Spit Poison.
   217 | D:1      | 217 ||| INVOKING Spit Poison.
   298 | D:1      | 298 ||| INVOKING Spit Poison.
   387 | D:1      | 387 ||| INVOKING Spit Poison.
   414 | D:1      | 414 ||| READING scroll labelled JEESKA IRIGI.
   415 | D:1      | 415 ||| DROPPING scroll of butterflies.
   499 | D:2      | 499 ||| INVOKING Spit Poison.
   554 | D:2      | 554 ||| INVOKING Spit Poison.
   620 | D:2      | 620 ||| INVOKING Spit Poison.
   623 | D:2      | Reached skill level 5 in Ranged Weapons
   626 | D:2      | Reached XP level 4. HP: 27/39 MP: 4/4
   626 | D:2      | 626 ||| INVOKING Spit Poison.
   630 | D:2      | 630 ||| INVOKING Spit Poison.
   749 | D:2      | Identified the +0 rapier of Egryrghur {protect, Dex+2}
   779 | D:2      | 779 ||| INVOKING Spit Poison.
   792 | D:2      | 792 ||| INVOKING Spit Poison.
   793 | D:2      | Reached skill level 3 in Fighting
   813 | D:2      | 813 ||| INVOKING Spit Poison.
   816 | D:2      | 816 ||| INVOKING Spit Poison.
   910 | D:2      | 910 ||| INVOKING Spit Poison.
   916 | D:2      | 916 ||| INVOKING Spit Poison.
   956 | D:2      | 956 ||| INVOKING Spit Poison.
   958 | D:2      | Reached XP level 5. HP: 49/49 MP: 5/5
   962 | D:2      | 962 ||| INVOKING Spit Poison.
   965 | D:2      | 965 ||| INVOKING Spit Poison.
   993 | D:2      | 993 ||| INVOKING Spit Poison.
   998 | D:2      | 998 ||| INVOKING Spit Poison.
  1057 | D:2      | 1057 ||| INVOKING Spit Poison.
  1101 | D:2      | 1101 ||| INVOKING Spit Poison.
  1109 | D:2      | 1109 ||| INVOKING Spit Poison.
  1113 | D:2      | 1113 ||| INVOKING Spit Poison.
  1171 | D:2      | 1171 ||| INVOKING Spit Poison.
  1473 | D:2      | 1473 ||| UPGRADING to amulet of faith.
  1478 | D:2      | 1478 ||| READING 2 scrolls labelled BEUR PIH VUFRI.
  1482 | D:2      | 1482 ||| READING 2 scrolls labelled ENIL TOVAG.
  1483 | D:2      | 1483 ||| READING scroll of enchant weapon.
  1483 | D:2      | 1483 ||| ENCHANTING +1 shortbow.
  1484 | D:2      | 1484 ||| READING 2 scrolls labelled XYIKUHAGEGH.
  1485 | D:2      | 1485 ||| READING scroll labelled OHAJET GARIF.
  1500 | D:3      | 1500 ||| INVOKING Spit Poison.
  1527 | D:3      | Found a runed translucent door.
  1528 | D:3      | Noticed Crazy Yiuf
  1562 | D:3      | 1562 ||| INVOKING Spit Poison.
  1578 | D:3      | 1578 ||| INVOKING Spit Poison.
  1596 | D:3      | 1596 ||| INVOKING Spit Poison.
  1657 | D:3      | 1657 ||| INVOKING Spit Poison.
  1664 | D:3      | Identified the +5 rapier of Exquisite Torment {freeze,
                  | rN++}
  1666 | D:3      | 1666 ||| INVOKING Spit Poison.
  1693 | D:3      | Noticed Sigmund
  1696 | D:3      | 1696 ||| INVOKING Spit Poison.
  1699 | D:3      | 1699 ||| INVOKING Spit Poison.
  1702 | D:3      | Killed Sigmund
  1703 | D:3      | Reached skill level 6 in Ranged Weapons
  1703 | D:3      | Reached XP level 6. HP: 44/56 MP: 6/6
  1764 | D:3      | 1764 ||| INVOKING Spit Poison.
  1770 | D:3      | 1770 ||| INVOKING Spit Poison.
  1771 | D:3      | 1771 ||| Stepping ~*~*~tactically~*~*~ (outnumbered).
  1773 | D:3      | 1773 ||| INVOKING Spit Poison.
  1777 | D:3      | 1777 ||| INVOKING Spit Poison.
  1780 | D:3      | 1780 ||| INVOKING Spit Poison.
  1784 | D:3      | 1784 ||| INVOKING Spit Poison.
  1796 | D:3      | 1796 ||| INVOKING Spit Poison.
  1797 | D:3      | 1797 ||| FLEEEEING.
  1798 | D:3      | 1798 ||| FLEEEEING.
  1846 | D:3      | 1846 ||| INVOKING Spit Poison.
  1849 | D:3      | 1849 ||| INVOKING Spit Poison.
  2034 | D:3      | 2034 ||| UPGRADING to +2 leather armour of cold resistance.
  2044 | D:3      | 2044 ||| DROPPING +0 leather armour.
  2045 | D:3      | 2045 ||| READING 2 scrolls of identify.
  2045 | D:3      | 2045 ||| IDENTIFYING murky amethyst potion
  2106 | D:4      | 2106 ||| INVOKING Spit Poison.
  2116 | D:4      | 2116 ||| INVOKING Spit Poison.
  2123 | D:4      | 2123 ||| INVOKING Spit Poison.
  2126 | D:4      | 2126 ||| FLEEEEING.
  2151 | D:4      | 2151 ||| INVOKING Spit Poison.
  2186 | D:4      | 2186 ||| INVOKING Spit Poison.
  2189 | D:4      | 2189 ||| INVOKING Spit Poison.
  2192 | D:4      | 2192 ||| INVOKING Spit Poison.
  2194 | D:4      | Reached XP level 7. HP: 55/64 MP: 7/7
  2335 | D:4      | 2335 ||| READING scroll of enchant weapon.
  2335 | D:4      | 2335 ||| ENCHANTING +2 shortbow.
  2471 | D:4      | Found Xauxkapepe's Fire Supplies.
  2478 | D:4      | 2478 ||| INVOKING Spit Poison.
  2541 | D:4      | 2541 ||| INVOKING Spit Poison.
  2544 | D:4      | Reached skill level 7 in Ranged Weapons
  2571 | D:4      | 2571 ||| INVOKING Spit Poison.
  2574 | D:4      | 2574 ||| INVOKING Spit Poison.
  2580 | D:4      | 2580 ||| INVOKING Spit Poison.
  2583 | D:4      | 2583 ||| INVOKING Spit Poison.
  2612 | D:4      | HP: 14/64 [orc wizard/magic dart (6)]
  2615 | D:4      | HP: 4/64 [orc wizard/+0 dagger of speed (3)]
  2619 | D:4      | 2619 ||| READING scroll of teleportation.
  2619 | D:4      | Killed from afar by an orc wizard

Levels and vault maps discovered:
D:1:      ncdulo_watergridlock, layout_rooms
D:2:      layout_basic, serial_bayou_ford_a, minmay_divided_ellipse
D:3:      layout_rooms, uniq_sigmund, uniq_crazy_yiuf_cottage
D:4:      layout_loops_corners, fountainhead, nicolae_shop_fire_sale
          [nicolae_sub_dead_trees]

Skill      XL: |  1  2  3  4  5  6  7 |
---------------+----------------------+-----
Ranged Weapons | 4 5 6 7 |  7.2
Fighting       | 3 4 |  4.0
Dodging        | 2 |  2.0
Stealth        | |  1.5

Action                     |  1- 3 |  4- 6 |  7- 9 || total
---------------------------+-------+-------+-------++-------
   Fire: Shortbow          |    72 |    96 |    20 ||   188
Ability: Spit Poison       |    20 |    42 |     6 ||    68
    Use: Scroll            |     1 |     6 |     2 ||     9
 Armour: Leather armour    |     1 |    12 |    21 ||    34
  Dodge: Dodged            |    13 |    21 |    15 ||    49

Table legend:
 A = Non-vault XP
 B = Vault XP
 C = Vault XP percentage of total XP
 D = Non-vault monster count
 E = Vault monster count
 F = Vault count percentage of total count
                 A         B        C        D         E       F
            +---------+---------+-------+---------+---------+-------
      Total |     555 |     304 |  35.4 |      81 |      14 |  14.7
            +---------+---------+-------+---------+---------+-------
        D:1 |      58 |       0 |   0.0 |      33 |       0 |   0.0
        D:2 |      50 |      90 |  64.3 |      14 |      13 |  48.1
        D:3 |     132 |     214 |  61.8 |      19 |       1 |   5.0
        D:4 |     315 |       0 |   0.0 |      15 |       0 |   0.0
            +---------+---------+-------+---------+---------+-------
